AoeStats
← APs | Power to the People

African Clearing

510626307Analyzed
3v3 RM · 1d ago on Oct 1, 2026· 59m 12s· 6 players
Game mode
Random Map
Map size
Normal (6 player)
Population
200
Speed
Normal
Resources
Standard
Victory
Conquest
Starting age
Dark Age
Ending age
Imperial Age
RankedLock teamsTeams togetherTeam positionsShared explorationLock speedFull tech treeHidden civsTurbo modeCheats
Victory
Defeat
🇲🇽 Spanish · Mexico
1737
+6
🇲🇽 Saxons · Mexico
1524
+12
🇺🇸 Vietnamese · United States
1313
+20
🇦🇷 Mapuche · Argentina
1493
-15
🇦🇷 Magyars · Argentina
1435
-12
🇦🇷 Romans · Argentina
1405
-11
APs | Power to the People
13:12 Feudal Age
11:32 Loom
16:47 Castle Age
15:00 Double-Bit Axe
16:32 Fletching
22:54 Town Watch
23:25 Bodkin Arrow
35:43 Padded Archer Armor
38:55 Leather Archer Armor
40:06 Ballistics
44:13 Horse Collar
50:31 Bow Saw
50:20 Gold Mining
54:16 Imperial Age
APs | PrimoMcFly
10:35 Loom
12:20 Feudal Age
14:22 Double-Bit Axe
17:12 Castle Age
16:40 Double-Bit Axe
18:32 Bow Saw
19:41 Horse Collar
22:19 Fletching
22:34 Town Watch
25:17 Heavy Plow
27:56 Wheelbarrow
29:09 Pikeman
32:29 Imperial Age
30:27 Pikeman
31:13 Scale Mail Armor
32:02 Forging
32:18 Hand Cart
32:33 Halberdier
34:16 Chain Mail Armor
34:36 Iron Casting
34:37 Conscription
35:05 Bodkin Arrow
35:36 Padded Archer Armor
36:42 Scale Barding Armor
37:13 Elite Skirmisher
39:28 Ballistics
39:56 Leather Archer Armor
39:27 Heavy Scorpion
41:47 Chemistry
40:54 Siege Engineers
43:18 Bloodlines
43:47 Ballistas
46:37 Comitatenses
46:44 Cavalier
47:27 Husbandry
47:12 Capped Ram
APs | MercadoDelAge
6:12 Loom
11:50 Feudal Age
12:38 Double-Bit Axe
14:02 Horse Collar
22:14 Castle Age
20:34 Gold Mining
22:12 Bloodlines
24:32 Bow Saw
25:33 Scale Barding Armor
30:50 Fletching
32:18 Bodkin Arrow
33:10 Husbandry
35:16 Padded Archer Armor
35:59 Ballistics
39:32 Leather Archer Armor
42:43 Imperial Age
41:00 Thumb Ring
41:51 Wheelbarrow
43:33 Chain Barding Armor
43:33 Hand Cart
44:33 Chemistry
43:59 Bracer
44:05 Recurve Bow
45:22 Parthian Tactics
45:49 Heavy Cavalry Archer
46:43 Light Cavalry
48:52 Ring Archer Armor
48:14 Town Watch
50:21 Plate Barding Armor
50:56 Two-Man Saw
49:58 Heavy Plow
51:00 Conscription
51:37 Hussar
53:51 Two-Man Saw
53:23 Crop Rotation
58:11 Corvinian Army
chiwire
9:37 Loom
13:57 Feudal Age
18:02 Castle Age
43:56 Double-Bit Axe
45:54 Bow Saw
45:33 Horse Collar
53:06 Wheelbarrow
52:17 Town Watch
54:15 Hand Cart
58:24 Imperial Age
56:35 Caravan
56:56 Gold Mining
57:03 Fletching
57:13 Padded Archer Armor
57:37 Ballistics
57:32 Stone Mining
58:03 Bodkin Arrow
58:24 Leather Archer Armor
59:22 Bracer
59:53 Ring Archer Armor
60:31 Chemistry
59:12 Elite Skirmisher
VL Marcelsanz
5:07 Loom
14:02 Feudal Age
15:30 Double-Bit Axe
18:03 Castle Age
19:14 Bow Saw
20:33 Horse Collar
22:41 Wheelbarrow
21:52 Town Watch
24:41 Heavy Plow
27:05 Hand Cart
29:56 Fletching
30:07 Padded Archer Armor
31:21 Bodkin Arrow
31:41 Leather Archer Armor
34:36 Imperial Age
32:28 Scale Mail Armor
32:39 Forging
33:20 Ballistics
33:33 Bloodlines
33:24 Husbandry
34:17 Chain Mail Armor
34:29 Town Patrol
35:22 Bracer
35:44 Conscription
34:47 Cranequins
35:05 Heavy Mounted Crossbowman
35:51 Thumb Ring
36:43 Plate Mail Armor
36:46 Ring Archer Armor
37:11 Plate Mail Armor
37:46 Hoardings
37:43 Masonry
38:34 Chemistry
38:27 Capped Ram
40:23 Iron Casting
39:23 Siege Ram
41:20 Squires
41:07 Arson
41:51 Elite Hearth Troop
42:32 Shield Wall
45:54 Gold Mining
45:55 Stone Mining
49:06 Two-Man Saw
48:55 Gold Shaft Mining
51:36 Architecture
51:11 Siege Engineers
51:05 Murder Holes
52:23 Coinage
54:15 Treadmill Crane
59:32 Banking
59:13 Sappers
loco_angel
11:04 Loom
13:14 Feudal Age
11:30 Loom
16:59 Castle Age
15:47 Double-Bit Axe
20:44 Husbandry
24:55 Padded Archer Armor
31:36 Bloodlines
37:12 Wheelbarrow
39:40 Imperial Age
36:58 Horse Collar
38:49 Scale Barding Armor
39:08 Town Watch
39:42 Forging
39:58 Heavy Plow
40:26 Chain Barding Armor
40:08 Cavalier
41:26 Iron Casting
43:56 Plate Barding Armor
44:44 Bow Saw
44:45 Paladin
47:41 Gold Mining
48:53 Blast Furnace
50:02 Conscription
50:18 Hoardings
50:50 Light Cavalry
51:35 Hussar
53:18 Fletching
55:33 Chemistry
54:54 Ballistics
56:19 Caravan
Connection lost

Rejoining the realm…

Still unreachable

The connection could not be restored.

Session expired

The server has moved on; the page needs a fresh start.